 Dungeon Crawl Stone Soup version 0.18.1-50-g88ac8fd (console) character file.

2700 CALLOUS the Archer (level 9, -1/75 HPs)
             Began as a Centaur Earth Elementalist on Oct 14, 2016.
             Was an Initiate of Elyvilon.
             Slain by an orc wizard
             ... wielding a +0 flail
              (6 damage)
             ... on level 7 of the Dungeon.
             The game lasted 03:10:12 (11879 turns).

CALLOUS the Archer (Centaur Earth Elementalist)    Turns: 11879, Time: 03:10:13

Health: -1/75      AC:  5    Str: 14    XL:     9   Next: 38%
Magic:  11/11      EV:  9    Int: 14    God:    Elyvilon [......]
Gold:   251        SH:  0    Dex: 10    Spells: 1 memorised, 10 levels left

rFire  . . .     SeeInvis .       - Unarmed
rCold  . . .     Gourm    .     G - +0 robe
rNeg   . . .     Faith    .     (no shield)
rPois  .         Spirit   .     (no helmet)
rElec  .         Dismiss  .     e - +0 cloak
rCorr  .         Reflect  .     (no gloves)
SustAt .         Harm     .     (no barding)
MR     .....                    (no amulet)
Stlth  +.........               (no ring)
                                (no ring)

@: very quick, not resistant to hostile enchantments, very unstealthy
A: hooves 3, deformed body, speed 2, tough skin 3
a: Renounce Religion


You were on level 7 of the Dungeon.
You worshipped Elyvilon.
Elyvilon was noncommittal.
You were not hungry.

You visited 2 branches of the dungeon, and saw 9 of its levels.

You collected 251 gold pieces.

Inventory:

Hand Weapons
 a - a +0 shortbow
 l - a +1 whip of draining
 o - a +0 hunting sling
 u - a +0 mace of draining
 S - a +0 dagger of venom
 X - a +1 mace of protection
Missiles
 b - 120 stones
 n - 24 arrows
 w - 60 bolts
 A - 15 poisoned needles
 N - 4 javelins (quivered)
 W - 3 tomahawks of returning
 Y - 3 tomahawks
Armour
 e - a +0 cloak (worn)
 G - a +0 robe (worn)
 M - a +0 buckler
Jewellery
 p - a cursed ring of loudness {unknown}
 H - the ring "Ikyelest" {+Fly Int+5, unknown}
   (You took it off an orc wizard on level 7 of the Dungeon)

   [ring of flight]

   It affects your intelligence (+5).
   It lets you fly.
 Q - a cursed ring of teleportation {unknown}
 T - a +5 ring of evasion {unknown}
 Z - an uncursed ring of poison resistance {unknown}
Scrolls
 f - 5 scrolls of identify {unknown}
 g - 8 scrolls of teleportation {unknown}
 j - a scroll of immolation {unknown}
 k - 8 scrolls of remove curse {unknown}
 t - a scroll of fear {unknown}
 v - a scroll of enchant weapon {unknown}
 x - a scroll of recharging {unknown}
 y - 4 scrolls of fog {unknown}
 P - a scroll of noise {unknown}
Potions
 h - a potion of invisibility {unknown}
 i - a potion of curing
 D - a potion of might {unknown}
 F - a potion of cancellation
 J - a potion of agility {unknown}
 K - a potion of heal wounds {unknown}
 O - a potion of degeneration {unknown}
 U - a potion of berserk rage {unknown}
Books
 c - a book of Geomancy

   Spells                             Type                      Level
   a - Sandblast                      Earth                        1
   b - Passwall                       Transmutation/Earth          2
   c - Stone Arrow                    Conjuration/Earth            3
   d - Petrify                        Transmutation/Earth          4
   e - Lee's Rapid Deconstruction     Earth                        5
 r - a book of Transfigurations

   Spells                             Type                      Level
   a - Irradiate                      Conjuration/Transmutation    5
   b - Statue Form                    Transmutation/Earth          6
   c - Hydra Form                     Transmutation                6
   d - Dragon Form                    Transmutation                7
Comestibles
 d - 6 bread rations
 q - 2 beef jerkies
 E - 6 fruits
 L - a slice of pizza


   Skills:
 + Level 6.1 Fighting
 * Level 11.4 Bows
 - Level 1.3 Dodging
 - Level 1.2 Stealth
 + Level 6.2 Unarmed Combat
 - Level 1.5 Spellcasting
   Level 0.8 Transmutations
 - Level 2.6 Earth Magic
 * Level 1.6 Invocations


You had 10 spell levels left.
You knew the following spells:

 Your Spells              Type           Power        Failure   Level  Hunger
a - Sandblast             Erth           #.....       10%         1    ##.....


Dungeon Overview and Level Annotations

Branches:
Dungeon (8/15)             Temple (1/1) D:7            Lair (0/8) D:8

Altars:
Cheibriados
Elyvilon
Fedhas
Gozag
Kikubaaqudgha
Makhleb
Okawaru
Qazlal
Ru
Trog
Vehumet
Xom
Yredelemnul
Zin
The Shining One
Lugonu

Annotations:
D:1 iDwandoflight, Ijyb
D:3 Grinder
D:4 Dowan, Duvessa
D:5 1 exclusion
D:6 exclusion: scorpion
D:7 1 exclusion


Innate Abilities, Weirdness & Mutations

You have hooves in place of feet.
Armour fits poorly on your strangely shaped body.
You cover ground very quickly.
You have extremely tough skin (AC +3).


Message History

You hear some strange, mumbled words.
A puff of frost appears from out of thin air!
The puff of frost hits you! Elyvilon protects you from harm!
Wield which item (- for none, * to show all)? (? for menu, Esc to quit)
You feel less protected.
a - a +0 shortbow (weapon)
An orc wizard appears from thin air!
The crimson imp blinks!
The orc wizard hits you with a flail! Elyvilon protects you from harm!
Press: ? - help, v - describe, . - travel
Here: an orc wizard, wielding a flail and wearing a robe (heavily wounded, fast)
The floor.
Unknown command.
Wield which item (- for none, * to show all)? (? for menu, Esc to quit)
You are now empty-handed.
You hit the orc wizard but do no damage.
The orc wizard is heavily wounded.
The orc wizard hits you with a flail.
You die...

#.............##....# #.#
#.###......##.#.....###..
#.# #####..##.#.##.#...##
#.# #..##.#.##.##)## #.#
#..##.#.##.##.# #.#
###..##.#>##.##.### #.#
#.........##.##...# #.#
#.#......ยง......... #.#
#.#..##)...........
#.#####..o.........####.#
#.......@......###.# #.#
#######.#..#...[...####.#
#.#..#.#####......#
#.#[.#.# #.....##
#[#....# #.#####.
#.#[##.# #.# #_.
#.#.##[#####.# ##.
#.#.##.>.....# ##
##.......###.## ##
#........# #.# #.
#..#.##..# #.# #.


You could see an orc wizard.

Vanquished Creatures
  A spriggan (D:7)
  2 wargs (D:7)
  2 orc warriors (D:7)
  2 ice beasts
  2 phantoms (D:7)
  5 ogres
  2 sky beasts (D:6)
  A centaur (D:7)
  A crocodile (D:7)
  A giant frog (D:7)
  A wyvern skeleton (D:7)
  A scorpion (D:7)
  2 crimson imps
  2 hounds
  3 orc priests (D:8)
  Terence (D:2)
  11 orc wizards
  Natasha (D:2)
  3 worker ants
  2 gnolls
  10 adders
  2 oozes
  An adder zombie (D:6)
  3 worms (D:2)
  3 dart slugs
  4 giant geckos
  14 orcs
  4 giant cockroaches
  8 goblins
  5 hobgoblins
  9 jackals
  A quokka (D:5)
  2 ball pythons
  9 bats
  2 giant newts
  5 kobolds
  A quokka skeleton (D:7)
  11 rats
140 creatures vanquished.

Vanquished Creatures (others)
  2 fungi (D:7)
2 creatures vanquished.

Grand Total: 142 creatures vanquished

Notes
Turn   | Place    | Note
--------------------------------------------------------------
     0 | D:1      | CALLOUS the Centaur Earth Elementalist began the quest for the Orb.
     0 | D:1      | Reached XP level 1. HP: 14/14 MP: 3/3
   625 | D:1      | Reached skill level 1 in Fighting
   701 | D:1      | Reached skill level 1 in Unarmed Combat
   761 | D:1      | Reached XP level 2. HP: 23/23 MP: 2/4
  1109 | D:1      | Reached XP level 3. HP: 24/29 MP: 5/5
  1383 | D:2      | Found a snail-covered altar of Cheibriados.
  1383 | D:2      | Noticed Ijyb
  2272 | D:3      | Noticed Grinder
  2393 | D:4      | Noticed an ogre
  2426 | D:3      | Killed an ogre
  2426 | D:3      | Reached XP level 4. HP: 15/38 MP: 0/6
  2426 | D:3      | Reached XP level 5. HP: 18/45 MP: 0/7
  2671 | D:4      | Noticed Duvessa
  2671 | D:4      | Noticed Dowan
  2745 | D:3      | Paralysed by Grinder for 4 turns
  2948 | D:2      | Noticed Terence
  3063 | D:2      | Killed Terence
  3932 | D:2      | Noticed Natasha
  3945 | D:2      | Killed Natasha
  4258 | D:5      | Entered Level 5 of the Dungeon
  4429 | D:5      | Reached XP level 6. HP: 52/52 MP: 6/8
  5047 | D:5      | Reached skill level 5 in Fighting
  5047 | D:5      | Reached skill level 5 in Unarmed Combat
  5047 | D:5      | Reached XP level 7. HP: 61/61 MP: 6/9
  6081 | D:7      | Found a basalt altar of Yredelemnul.
  6334 | D:7      | Reached skill level 1 in Bows
  6417 | D:7      | Reached skill level 2 in Bows
  6500 | D:7      | Got a coiled lead ring
  6680 | D:7      | Reached skill level 3 in Bows
  6877 | D:7      | Reached skill level 4 in Bows
  6877 | D:7      | Reached XP level 8. HP: 70/70 MP: 10/10
  7218 | D:6      | Reached skill level 5 in Bows
  7613 | D:6      | Reached skill level 6 in Bows
  7951 | D:6      | Reached skill level 7 in Bows
  8702 | D:6      | Reached skill level 8 in Bows
  8841 | D:7      | Found a staircase to the Ecumenical Temple.
  8848 | Temple   | Entered the Ecumenical Temple
  8860 | Temple   | Became a worshipper of Elyvilon the Healer
  9046 | D:7      | Reached skill level 9 in Bows
  9189 | D:7      | Found a bloodstained altar of Trog.
  9189 | D:7      | Found an iron altar of Okawaru.
  9559 | D:7      | Reached skill level 1 in Invocations
  9571 | D:7      | Reached XP level 9. HP: 73/75 MP: 11/11
  9798 | D:7      | Elyvilon protects you from harm!
  9799 | D:7      | Reached skill level 10 in Bows
 10155 | D:7      | Found a glowing golden altar of the Shining One.
 10167 | D:7      | Found a blossoming altar of Fedhas.
 11072 | D:8      | Found a staircase to the Lair.
 11090 | D:8      | Reached skill level 11 in Bows
 11854 | D:7      | HP: 1/75 [something (8)]
 11867 | D:7      | Elyvilon protects you from harm!
 11877 | D:7      | Elyvilon protects you from harm!
 11879 | D:7      | Slain by an orc wizard

Skill      XL: |  1  2  3  4  5  6  7  8  9 |
---------------+----------------------------+-----
Fighting       | 1 2 3 4 5 6 |  6.1
Unarmed Combat | 1 3 4 5 6 |  6.2
Bows           | 4 9 11 | 11.4
Invocations    | 1 |  1.6
Dodging        | |  1.3
Stealth        | |  1.2
Spellcasting   | |  1.5
Transmutations | |  0.8
Earth Magic    | |  2.6

Action                   |  1- 3 |  4- 6 |  7- 9 || total
-------------------------+-------+-------+-------++-------
Melee: Unarmed           |   165 |   245 |   206 ||   616
       Kick              |    25 |    53 |    46 ||   124
       Punch             |     1 |     2 |     3 ||     6
       Shortbow          |       |       |     1 ||     1
       Dagger            |       |       |     4 ||     4
 Fire: Hunting sling     |       |     2 |    57 ||    59
       Shortbow          |       |       |   339 ||   339
Throw: Stone             |       |       |     2 ||     2
       Javelin           |       |       |     1 ||     1
 Cast: Sandblast         |    13 |    26 |     2 ||    41
  Use: Potion            |       |       |     2 ||     2
  Eat: Chunk             |     4 |     8 |    14 ||    26
       Bread ration      |       |       |     1 ||     1
Armor: Robe              |    39 |    64 |    59 ||   162
Dodge: Dodged            |    73 |    89 |    70 ||   232
